 Dungeon Crawl Stone Soup version 0.20-a0-513-g02c11fc (webtiles) character file.

142 Asddderdsw the Caller (level 5, -2/40 HPs)
             Began as a Draconian Wanderer on Jan 22, 2017.
             Killed from afar by Sigmund (8 damage)
             ... with a magic dart
             ... on level 3 of the Dungeon.
             The game lasted 00:21:33 (2772 turns).

Asddderdsw the Caller (Draconian Wanderer)          Turns: 2772, Time: 00:21:34

Health: -2/40      AC:  6    Str: 13    XL:     5   Next: 4%
Magic:  0/7        EV: 12    Int: 14    God:
Gold:   83         SH:  0    Dex: 11    Spells: 2/7 levels left

rFire    . . .     SeeInvis .   b - +0 dagger (venom)
rCold    . . .     Gourm    .   (armour unavailable)
rNeg     . . .     Faith    .   (no shield)
rPois    .         Spirit   .   (helmet restricted)
rElec    .         Reflect  .   (no cloak)
rCorr    .         Harm     .   q - +0 pair of gloves
MR       .....                  (no boots)
Stlth    ++........             (no amulet)
Regen    0.2/turn               (no ring)
                                (no ring)

@: swift, repel missiles, quick
A: unfitting armour, cold-blooded, AC +5
a: no special abilities


You were on level 3 of the Dungeon.
You were not hungry.

You visited 1 branch of the dungeon, and saw 3 of its levels.

You collected 83 gold pieces.

Inventory:

Hand Weapons
 b - a +0 dagger of venom (weapon)
 e - a +0 mace
 u - a +0 flail
Missiles
 j - 45 arrows
 l - 55 stones (quivered)
 n - 5 tomahawks
Armour
 q - a +0 pair of gloves (worn)
Jewellery
 i - an uncursed amulet of the gourmand {unknown}
 m - a +3 ring of slaying {unknown}
Scrolls
 g - a scroll of amnesia {unknown}
 h - a scroll of remove curse {unknown}
 o - a scroll of random uselessness {unknown}
 p - 2 scrolls of immolation {unknown}
Books
 a - a book of Air

   Spells                             Type                      Level
   a - Shock                          Conjuration/Air              1
   b - Swiftness                      Charms/Air                   2
   c - Repel Missiles                 Charms/Air                   2
   d - Static Discharge               Conjuration/Air              3
   e - Lightning Bolt                 Conjuration/Air              5
 c - the Grimoire of Augmentations

   Spells                             Type                      Level
   a - Shroud of Golubria             Charms/Translocation         2
   b - Song of Slaying                Charms                       2
Comestibles
 f - a bread ration
 s - 4 fruits
 t - a royal jelly


   Skills:
 + Level 1.5 Fighting
 + Level 1.2 Short Blades
 + Level 1.2 Maces & Flails
 - Level 1.3 Throwing
 + Level 1.2 Dodging
 + Level 1.7 Stealth
 + Level 1.8 Spellcasting
 + Level 1.3 Conjurations
   Level 4.0 Summonings
 + Level 3.4 Air Magic


You had 2 spell levels left.
You knew the following spells:

 Your Spells              Type           Power        Failure   Level  Hunger
a - Shock                 Conj/Air       #...         12%         1    ##.....
b - Repel Missiles        Chrm/Air       #.....       21%         2    ###....
c - Swiftness             Chrm/Air       #.......     21%         2    ###....


Dungeon Overview and Level Annotations

Branches:
Dungeon (3/15)

Altars:

Annotations:
D:3 Sigmund


Innate Abilities, Weirdness & Mutations

Your plain brown scales are hard. (AC +5)
You cannot fit into any form of body armour.
You are cold-blooded and may be slowed by cold attacks.


Message History

The magic dart hits you!
* * * LOW HITPOINT WARNING * * *
Unknown command.
Casting: Repel Missiles
Confirm with . or Enter, or press ? or * to list all spells.
You don't have enough magic to cast that spell.
Sigmund appears from thin air!
Reactivating autopickup.
Sigmund casts a spell at you. The puff of flame misses you.
Your magical contamination has completely faded away.
Casting: Repel Missiles
Confirm with . or Enter, or press ? or * to list all spells.
You feel quick.
Sigmund casts a spell.
Sigmund flickers and vanishes!
Deactivating autopickup; reactivate with Ctrl-A.
A magic dart appears from out of thin air!
The magic dart hits you!
You die...

#.#.###.# ##.####### #
#.##.# #.)).)..# ##.
#.#.# #######.# #.# ##{.#
.# #..## ##.#.# .#
##.####.#.###..#.########
.#
.<.........#.............
..
#.####.##..##.#...#.#..
.. #.# #w##.###@###.#.#
.. #g# #.##.# #.###.#.#
####.####.##.###.......#
#.............######.###
#.#(........g.w.......#
.......##.......gg.#..#
#....###.....###.#..#
##............##.#..#
###.###.#..#.##.#..#


There were no monsters in sight!

Vanquished Creatures
  7 gnolls
  An adder (D:2)
  2 worms (D:2)
  2 dart slugs
  6 bats
  3 giant cockroaches
  6 goblins
  6 hobgoblins
  6 jackals
  2 ball pythons (D:2)
  4 frilled lizards
  8 kobolds
  7 rats
60 creatures vanquished.

Notes
Turn   | Place    | Note
-------+----------+-------------------------------------------
     0 | D:1      | Asddderdsw the Draconian Wanderer began the quest for the Orb.
     0 | D:1      | Asddderdsw set off with: a book of Air, a potion of curing, the Grimoire of Augmentations, a +0 club, a bread ration
     0 | D:1      | Reached XP level 1. HP: 14/14 MP: 2/2
     0 | D:1      | Identified the Grimoire of Augmentations
     2 | D:1      | Learned a level 1 spell: Shock
   384 | D:1      | Reached XP level 2. HP: 16/20 MP: 3/3
   492 | D:1      | Learned a level 2 spell: Repel Missiles
  1262 | D:2      | Reached XP level 3. HP: 22/27 MP: 5/5
  1465 | D:2      | Reached skill level 1 in Maces & Flails
  1616 | D:2      | Reached skill level 1 in Fighting
  1846 | D:1      | Learned a level 2 spell: Swiftness
  2259 | D:2      | Reached skill level 1 in Conjurations
  2259 | D:2      | Reached XP level 4. HP: 28/35 MP: 2/6
  2434 | D:2      | Reached skill level 1 in Dodging
  2592 | D:2      | Reached skill level 1 in Short Blades
  2742 | D:3      | Noticed Sigmund
  2748 | D:3      | Reached XP level 5. HP: 5/40 MP: 2/7
  2772 | D:3      | Killed from afar by Sigmund

Vault maps used:
D:1:      co_arrival_random_square_maze, kennysheep_small_spiral,
          grunt_decor_resistance
D:3:      minivault_27, uniq_robin, uniq_sigmund

Skill      XL: |  1  2  3  4 |
---------------+-------------+-----
Maces & Flails | 1 |  1.2
Fighting       | 1 |  1.5
Conjurations   | 1 |  1.3
Dodging        | 1 |  1.2
Short Blades   | 1 |  1.2
Throwing       | |  1.3
Stealth        | |  1.7
Spellcasting   | |  1.8
Summonings     | |  4.0
Air Magic      | |  3.4

Action                   |  1- 3 |  4- 6 || total
-------------------------+-------+-------++-------
Melee: Mace              |   100 |       ||   100
       Club              |     7 |       ||     7
       Tailslap          |    13 |     2 ||    15
       Dagger            |    28 |    29 ||    57
Throw: Stone             |     2 |       ||     2
 Cast: Shock             |    23 |    12 ||    35
       Repel Missiles    |     1 |     1 ||     2
       Swiftness         |       |     1 ||     1
  Use: Scroll            |     1 |       ||     1
       Potion            |     1 |     3 ||     4
 Stab: Sleeping          |     2 |       ||     2
  Eat: Chunk             |     5 |     2 ||     7
Armor: Skin              |    63 |     6 ||    69
Dodge: Dodged            |    93 |    18 ||   111
       Deflected         |     1 |     1 ||     2
